 Dungeon Crawl Stone Soup version 0.31-a0-200-gbc41564c69 (webtiles) character file.

Game seed: 17535284453700537163

184 qw the Skirmisher (level 5, -1/29 HPs)
             Began as a Deep Elf Hunter on June 25, 2023.
             Slain by a mummy (9 damage)
             ... in an ossuary.
             The game lasted 00:00:54 (2275 turns).

qw the Skirmisher (Deep Elf Hunter)                 Turns: 2275, Time: 00:00:55

Health: -1/29      AC:  5    Str: 10    XL:     5   Next: 36%
Magic:  7/7        EV: 11    Int: 14    God:
Gold:   137        SH:  0    Dex: 18    Spells: 4/4 levels left

rFire   . . .        Y - +0 shortbow
rCold   . . .        (shield currently unavailable)
rNeg    . . .        m - +0 ring mail
rPois   .            (no helmet)
rElec   .            (no cloak)
rCorr   .            (no gloves)
SInv    .            (no boots)
Will    .....        (no amulet)
Stlth   +            (no ring)
HPRegen 0.24/turn    (no ring)
MPRegen 0.10/turn

%: no passive effects
@: no status effects
A: no striking features
a: no special abilities


You were in an ossuary.
You visited 1 branch of the dungeon, and saw 4 of its levels.
You also visited: Ossuary.

You collected 137 gold pieces.


   Skills:
 - Level 1.5 Fighting
 + Level 8.9 Ranged Weapons
 - Level 2.4 Dodging
 - Level 1.2 Stealth


You had 4 spell levels left.
You didn't know any spells.
Your spell library was empty.

Inventory:

Hand Weapons
 Y - a +0 shortbow (weapon)
Armour
 m - a +0 ring mail (worn)
Scrolls
 b - a scroll of teleportation
 c - a scroll of identify
Potions
 a - a potion of might
 h - a potion of invisibility {unknown}
 i - a potion of haste
 k - a potion of cancellation {unknown}

Dungeon Overview and Level Annotations

Branches:
Dungeon (4/15)            Ossuary (1/1)
 Temple: D:4-7

Altars:
Elyvilon
Fedhas
Makhleb
Vehumet
Yredelemnul


Message History

You shoot an arrow. The arrow hits the gnoll zombie!
You destroy the gnoll zombie!
You shoot an arrow. The arrow hits the orc zombie.
The orc zombie is moderately damaged.
You shoot an arrow. The arrow hits the orc zombie!
You destroy the orc zombie! 2 mummies and a hobgoblin zombie come into view.
You shoot an arrow. The arrow barely misses the mummy.
The arrow hits the orc zombie.
The orc zombie is almost destroyed.
You shoot an arrow. The arrow closely misses the mummy.
The arrow hits the orc zombie!
You destroy the orc zombie!
A mummy comes into view. x2
You shoot an arrow. The arrow hits the mummy.
The mummy is lightly damaged.
You shoot an arrow. The arrow barely misses the mummy.
The arrow hits the mummy.
The mummy is lightly damaged.
You shoot an arrow. The arrow hits the mummy.
The mummy is moderately damaged.
You shoot an arrow. The arrow hits the mummy!
The mummy is severely damaged.
You shoot an arrow. The arrow closely misses the mummy.
The arrow hits the mummy.
The mummy is lightly damaged.
You shoot an arrow.
The arrow hits the mummy but does no damage.
The mummy is severely damaged.
You shoot an arrow. The arrow hits the mummy.
The mummy is almost destroyed.
The hobgoblin zombie hits you. The mummy hits you!!
Ouch! That really hurt!
You shoot an arrow. The arrow hits the mummy.
The mummy is almost destroyed.
The hobgoblin zombie hits you.
You shoot an arrow.
The arrow hits the mummy but does no damage.
The mummy is almost destroyed.
The mummy hits you!
You die...

..........
.........
.......#
......#
#ZM..#
#MM..#
#MZ..#
#@...#
#....#
#....#
#....#
#....#
#.\\.#
######


You could see 4 mummies, a hobgoblin zombie and a kobold zombie.

Vanquished Creatures
  A hound (D:4)
  Terence (D:2)
  An orc wizard (D:3)
  4 adders
  A worm (D:3)
  A dart slug (D:1)
  5 orcs (D:3)
  4 giant cockroaches
  3 gnoll zombies (Ossuary)
  6 goblins
  6 hobgoblins
  2 kobolds
  2 quokkas
  4 ball pythons
  5 bats
  3 frilled lizards
  2 orc zombies (Ossuary)
  8 rats
59 creatures vanquished.

Notes
Turn   | Place    | Note
-------+----------+-------------------------------------------
     0 | D:1      | qw the Deep Elf Hunter began the quest for the Orb.
     0 | D:1      | Reached XP level 1. HP: 12/12 MP: 3/3
     0 | D:1      | 0 ||| qw: Version: 0.3-a-22-g0ed2b0b
     0 | D:1      | 0 ||| qw: Game counter: 5526
     0 | D:1      | 0 ||| qw: Melee chars always use a shield: true
     0 | D:1      | 0 ||| qw: God list: Okawaru
     0 | D:1      | 0 ||| qw: Allow faded altars: false
     0 | D:1      | 0 ||| qw: Do Orc after clearing Dungeon:15 true
     0 | D:1      | 0 ||| qw: Do second Lair branch before Depths: true
     0 | D:1      | 0 ||| qw: Lair rune preference: random
     0 | D:1      | 0 ||| qw: Goals: Normal
     0 | D:1      | 0 ||| PLANNING D:1-11
   100 | D:1      | Found a faded altar of an unknown god.
   131 | D:1      | Reached skill level 6 in Ranged Weapons
   131 | D:1      | Reached XP level 2. HP: 16/16 MP: 4/4
   892 | D:1      | 892 ||| UPGRADING to +0 scale mail.
   902 | D:1      | 902 ||| DROPPING +0 leather armour.
   903 | D:1      | 903 ||| READING scroll labelled KOIN AMOILUOR.
   904 | D:1      | 904 ||| READING scroll labelled TOIJIE HIOC.
   905 | D:1      | 905 ||| READING scroll labelled XUWNOPN PEZAI.
   906 | D:1      | 906 ||| DROPPING scroll of butterflies.
  1002 | D:2      | Reached XP level 3. HP: 18/20 MP: 5/5
  1065 | D:2      | Noticed Terence
  1075 | D:2      | HP: 5/20 [Terence/+0 hand axe (4)]
  1077 | D:2      | Killed Terence
  1078 | D:2      | Reached skill level 7 in Ranged Weapons
  1206 | D:2      | Reached XP level 4. HP: 23/25 MP: 6/6
  1378 | D:2      | 1378 ||| UPGRADING to +0 ring mail.
  1388 | D:2      | 1388 ||| DROPPING +0 scale mail.
  1389 | D:2      | 1389 ||| READING scroll labelled UDA VIEFRAKHEE.
  1390 | D:2      | 1390 ||| READING scroll labelled QULAPP NIADITSUTU.
  1391 | D:2      | 1391 ||| READING scroll labelled SIUV TUMOHIR.
  1392 | D:2      | 1392 ||| READING scroll labelled RAOHOA IPISA.
  1397 | D:2      | 1397 ||| DRINKING 3 pink potions.
  1398 | D:2      | 1398 ||| DRINKING 2 lumpy purple potions.
  1551 | D:3      | Found a basalt altar of Yredelemnul.
  1552 | D:3      | Found a white marble altar of Elyvilon.
  1728 | D:3      | Reached skill level 8 in Ranged Weapons
  2077 | D:3      | Found a blossoming altar of Fedhas.
  2077 | D:3      | Found a radiant altar of Vehumet.
  2105 | D:3      | 2105 ||| DRINKING 2 black potions.
  2147 | D:4      | 2147 ||| PLANNING OSSUARY
  2160 | D:4      | HP: 5/25 [hound (5)]
  2160 | D:4      | HP: 1/25 [hound (4)]
  2161 | D:4      | 2161 ||| DRINKING 2 potions of heal wounds.
  2168 | D:4      | Reached XP level 5. HP: 16/29 MP: 7/7
  2180 | D:4      | HP: 5/29 [quokka (4)]
  2181 | D:4      | 2181 ||| DRINKING potion of heal wounds.
  2215 | D:4      | Found a burning altar of Makhleb.
  2235 | D:4      | Found a sand-covered staircase.
  2236 | D:4      | 2236 ||| READING 2 scrolls of identify.
  2236 | D:4      | 2236 ||| IDENTIFYING puce potion
  2237 | D:4      | 2237 ||| DROPPING potion of attraction.
  2245 | Ossuary  | Entered an ossuary
  2275 | Ossuary  | Slain by a mummy

Levels and vault maps discovered:
D:1:      psy_arrival_basics, layout_basic,
          ebering_ecumenical_altar_sacrificial, grunt_decor_clamped
D:2:      layout_rooms, uniq_terence
D:3:      layout_loops_ring, mainiacjoe_overflow_alcove_3, minmay_distorted
D:4:      layout_rooms, grunt_qazlal_sundering, grunt_temple_overflow_open,
          chequers_ossuary_entry_cave, saegor_snake_ambush
Ossuary:  ossuary_tomb_3

Skill      XL: |  1  2  3  4 |
---------------+-------------+-----
Ranged Weapons | 6 7 8 |  8.9
Fighting       | |  1.5
Dodging        | |  2.4
Stealth        | |  1.2

Action                     |  1- 3 |  4- 6 || total
---------------------------+-------+-------++-------
   Fire: Shortbow          |    89 |   125 ||   214
    Use: Scroll            |     3 |     5 ||     8
         Potion            |       |     5 ||     5
 Armour: Leather armour    |     2 |       ||     2
         Scale mail        |    16 |     3 ||    19
         Ring mail         |       |    16 ||    16
  Dodge: Dodged            |    26 |    34 ||    60

Table legend:
 A = Non-vault XP
 B = Vault XP
 C = Vault XP percentage of total XP
 D = Non-vault monster count
 E = Vault monster count
 F = Vault count percentage of total count
                 A         B        C        D         E       F
            +---------+---------+-------+---------+---------+-------
      Total |     216 |      48 |  18.2 |      51 |       8 |  13.6
            +---------+---------+-------+---------+---------+-------
        D:1 |      34 |       0 |   0.0 |      21 |       0 |   0.0
        D:2 |      39 |      36 |  48.0 |      10 |       1 |   9.1
        D:3 |      80 |       4 |   4.8 |      15 |       2 |  11.8
        D:4 |      63 |       0 |   0.0 |       5 |       0 |   0.0
    Ossuary |       0 |       8 | 100.0 |       0 |       5 | 100.0
            +---------+---------+-------+---------+---------+-------
